 Dungeon Crawl Stone Soup version 0.28-a0-1624-g820543e53a (webtiles) character file.

Game seed: 5540394688065034798

25 HallandMoats the Skirmisher (level 3, 0/33 HPs)
             Began as a Ghoul Fighter on Jan 23, 2022.
             Was a Follower of Vehumet.
             Slain by a frilled lizard (1 damage)
             ... on level 1 of the Dungeon.
             The game lasted 00:01:18 (722 turns).

HallandMoats the Skirmisher (Ghoul Fighter)          Turns: 722, Time: 00:01:18

Health: 0/33       AC:  6    Str: 19    XL:     3   Next: 6%
Magic:  2/2        EV:  9    Int:  5    God:    Vehumet [*.....]
Gold:   40         SH:  4    Dex:  8    Spells: 2/2 levels left

rFire   . . .      SeeInvis .   a - +0 hunting sling
rCold   + . .      Faith    .   b - +0 buckler
rNeg    + + +      Spirit   .   d - +0 scale mail
rPois   ∞          Reflect  .   (no helmet)
rElec   .          Harm     .   (no cloak)
rCorr   .          Rampage  .   (no gloves)
Will    .....                   (no boots)
Stlth   ..........              (no amulet)
HPRegen 0.00/turn               (no ring)
MPRegen 0.08/turn               (no ring)

@: inhibited regen
A: claws 1, cold resistance 1, negative energy resistance 3, inhibited
regeneration, torment resistance 2
a: Renounce Religion


You were on level 1 of the Dungeon.
You worshipped Vehumet.
Vehumet was aware of your devotion.
You visited 1 branch of the dungeon, and saw 2 of its levels.

You collected 40 gold pieces.

Inventory:

Hand Weapons
 a - a +0 hunting sling (weapon)
Missiles
 e - 5 stones (quivered ammo)
 f - 26 sling bullets
Armour
 b - a +0 buckler (worn)
 d - a +0 scale mail (worn)
Scrolls
 h - a scroll of teleportation {unknown}
Potions
 c - a potion of might
 g - a potion of ambrosia {unknown}


   Skills:
 * Level 3.6 Fighting
 * Level 1.0 Slings
 + Level 2.8 Armour
 + Level 0.6 Dodging
 + Level 2.8 Shields
 - Level 2.1 Unarmed Combat
 + Level 0.6 Invocations


You had 2 spell levels left.
You didn't know any spells.
Your spell library was empty.

Dungeon Overview and Level Annotations

Branches:
Dungeon (2/15)

Altars:
Vehumet


Innate Abilities, Weirdness & Mutations

You thrive by killing the living.
You are immune to poison.
You have sharp fingernails.
Your flesh is cold resistant. (rC+)
You are immune to negative energy. (rN+++)
You do not regenerate when monsters are visible.
You are immune to unholy pain and torment.


Message History

The frilled lizard bites you.
* * * LOW HITPOINT WARNING * * *
The giant cockroach barely misses you. The frilled lizard closely misses you.
You block the giant cockroach's attack.
The frilled lizard hisses.
The frilled lizard closely misses you. The giant cockroach bites you.
* * * LOW HITPOINT WARNING * * *
The giant cockroach barely misses you.
The frilled lizard bites you but does no damage.
The giant cockroach bites you.
* * * LOW HITPOINT WARNING * * *
The frilled lizard closely misses you.
The giant cockroach waves its antennae.
The giant cockroach bites you.
* * * LOW HITPOINT WARNING * * *
The frilled lizard barely misses you. The giant cockroach barely misses you.
You block the frilled lizard's attack. The giant cockroach closely misses you.
The frilled lizard closely misses you.
The giant cockroach bites you but does no damage.
You block the giant cockroach's attack. The frilled lizard closely misses you.
The giant cockroach bites you.
* * * LOW HITPOINT WARNING * * *
The frilled lizard unfolds its giant frill.
The frilled lizard closely misses you. The giant cockroach bites you.
* * * LOW HITPOINT WARNING * * *
The frilled lizard barely misses you. The giant cockroach bites you.
* * * LOW HITPOINT WARNING * * *
The frilled lizard closely misses you. You block the giant cockroach's attack.
The frilled lizard bites you but does no damage.
The giant cockroach bites you but does no damage.
The giant cockroach closely misses you.
The frilled lizard bites you but does no damage.
The giant cockroach barely misses you.
The frilled lizard bites you but does no damage.
The giant cockroach bites you but does no damage.
The frilled lizard barely misses you.
The giant cockroach bites you but does no damage.
The frilled lizard bites you.
You die...

# # .... # #.
..... # #.
##..... # #.####.
..... #
#......##.#.. . #
.##.##......###..
#
.....#..)........
#
.........@.......
........lB.....##
......#........#
..........######
...##..####
#.>...# ##.##.#
#.# # #.#


You could see a giant cockroach and a frilled lizard.

Vanquished Creatures
  A worm (D:2)
  2 dart slugs (D:2)
  2 endoplasms (D:2)
  A giant cockroach (D:2)
  2 goblins (D:2)
  3 hobgoblins (D:2)
  3 bats (D:2)
  A frilled lizard (D:2)
  2 kobolds (D:2)
  A rat (D:2)
18 creatures vanquished.

Notes
Turn   | Place    | Note
-------+----------+-------------------------------------------
     0 | D:1      | HallandMoats the Ghoul Fighter began the quest for the Orb.
     0 | D:1      | Reached XP level 1. HP: 19/19 MP: 0/0
    22 | D:1      | You fall into a shaft and drop 1 floor!
   110 | D:2      | Reached XP level 2. HP: 26/26 MP: 1/1
   405 | D:2      | Reached skill level 1 in Slings
   527 | D:2      | Reached XP level 3. HP: 31/31 MP: 2/2
   621 | D:1      | Found a faded altar of an unknown god.
   627 | D:1      | Prayed at the altar of an unknown god.
   627 | D:1      | Became a worshipper of Vehumet
   627 | D:1      | Reached * piety under Vehumet
   627 | D:1      | Offered knowledge of Freeze by Vehumet.
   716 | D:1      | HP: 1/33 [giant cockroach (1)]
   722 | D:1      | Slain by a frilled lizard

Illustrated notes

Levels and vault maps discovered:
D:1:      wheals_arrival_linesprint, layout_basic,
          ebering_ecumenical_altar_sacrificial, st_stairs_13,
          serial_bayou_lake_a
D:2:      layout_loops_ring, minivault_23, minivault_11

Skill      XL: |  1  2 |
---------------+-------+-----
Slings         | 1 |  1.0
Fighting       | |  3.6
Armour         | |  2.8
Dodging        | |  0.6
Shields        | |  2.8
Unarmed Combat | |  2.1
Invocations    | |  0.6

Action                   || total
-------------------------++-------
Melee: Unarmed           ||    10
 Fire: Hunting sling     ||    71
Armor: Scale mail        ||   103
Dodge: Dodged            ||   108
Block: Buckler           ||    46

Table legend: (Time is in decaauts)
 A = Elapsed time spent in this place.
 B = Non-inter-level travel time spent in this place.
 C = Inter-level travel time spent in this place.
 D = Time resting spent in this place.
 E = Time spent auto-exploring this place.
 F = Levels seen in this place.
 G = Mean time per level.
                   A        B        C        D        E       F      G
               +--------+--------+--------+--------+--------+-----+--------+
         Total |    735 |    735 |      0 |      0 |    480 |   2 |  367.5 |
       Dungeon |    735 |    735 |      0 |      0 |    480 |   2 |  367.5 |
               +--------+--------+--------+--------+--------+-----+--------+

Top non-repeatable levels by time:
     D:2: 612 daAuts
     D:1: 123 daAuts
